 Dungeon Crawl Stone Soup version 0.16-a0-3832-g18ec49b (webtiles) character file.

3905 Gronka the Grappler (level 10, -1/90 HPs)
             Began as a Minotaur Monk on Jan 29, 2015.
             Was an Elder of Okawaru.
             Slain by an unseen horror (8 damage)
             ... on level 11 of the Dungeon.
             The game lasted 00:21:19 (8341 turns).

Gronka the Grappler (Minotaur Monk)                 Turns: 8341, Time: 00:21:20

Health: -1/90      AC:  3    Str: 23    XL:     10   Next: 0%
Magic:  0/22       EV: 18    Int:  4    God:    Okawaru [****..]
Gold:   523        SH:  0    Dex: 15    Spells: 1 memorised, 8 levels left

rFire  . . .     SeeInvis .       - Unarmed
rCold  + . .     Clarity  .     B - +1 robe "Skiof" {rC+ rN+ MP+9 Str+6 Int-3}
rNeg   + . .     SustAb   .     (no shield)
rPois  .         Gourm    .     (helmet restricted)
rElec  .         Spirit   +     (no cloak)
rCorr  .         Warding  .     (no gloves)
rMut   .         Stasis   .     (no boots)
MR     .....                    e - amulet of guardian spirit
Stlth  ++++......               C - ring of stealth
                                j - ring of magical power

@: not resistant to hostile enchantments, stealthy
A: retaliatory headbutt, horns 2
a: Heroism, Renounce Religion


You were on level 11 of the Dungeon.
You worshipped Okawaru.
Okawaru was greatly pleased with you.
You were not hungry.

You visited 2 branches of the dungeon, and saw 11 of its levels.

You collected 523 gold pieces.

Inventory:

Missiles
 D - a throwing net (quivered)
Armour
 a - a +0 robe
 g - a +2 robe of magic resistance
 A - the +2 robe of the Louse {rElec rPois- MP+9 Str+6}
   (You found it on level 7 of the Dungeon)

   It affects your strength (+6).
   It insulates you from electricity.
   It makes you vulnerable to poison.
   It affects your magic capacity (+9).
 B - the +1 robe "Skiof" (worn) {rC+ rN+ MP+9 Str+6 Int-3}
   (You found it on level 7 of the Dungeon)

   It affects your strength (+6).
   It affects your intelligence (-3).
   It protects you from cold.
   It protects you from negative energy.
   It affects your magic capacity (+9).
Jewellery
 e - an amulet of guardian spirit (around neck)
 j - a ring of magical power (left hand)
 C - a ring of stealth (right hand)
 J - an uncursed ring of ice {unknown}
Magical devices
 r - a wand of polymorph (5)
 F - a wand of slowing (22)
 H - a wand of confusion (34)
Scrolls
 c - 5 scrolls of identify
 f - 4 scrolls of remove curse
 i - 2 scrolls of recharging
 k - a scroll of enchant armour {unknown}
 l - 3 scrolls of teleportation {unknown}
 o - a scroll of fog {unknown}
 q - 3 scrolls of amnesia
 w - 2 scrolls of fear {unknown}
 y - 2 scrolls of blinking {unknown}
 E - a scroll of random uselessness {unknown}
 I - a scroll of acquirement {unknown}
 K - a scroll of holy word {unknown}
 L - a scroll of immolation {unknown}
Potions
 n - a potion of might {unknown}
 p - a potion of mutation {unknown}
 t - 4 potions of agility
 u - a potion of berserk rage
 x - a potion of ambrosia {unknown}
 z - a potion of resistance {unknown}
Books
 v - a book of Air

   Spells                             Type                      Level
   a - Shock                          Conjuration/Air              1
   b - Swiftness                      Charms/Air                   2
   c - Repel Missiles                 Charms/Air                   2
   d - Flight                         Charms/Air                   3
   e - Static Discharge               Conjuration/Air              3
   f - Lightning Bolt                 Conjuration/Air              5
 G - a book of Spatial Translocations

   Spells                             Type                      Level
   a - Apportation                    Translocation                1
   b - Blink                          Translocation                2
   c - Shroud of Golubria             Charms/Translocation         2
   d - Portal Projectile              Translocation                3
   e - Teleport Other                 Translocation                3
   f - Passage of Golubria            Translocation                4
Comestibles
 b - 6 bread rations
 d - 7 meat rations
 h - 4 fruits
 m - 4 slices of pizza
 s - a beef jerky


   Skills:
 + Level 8.5 Fighting
 + Level 9.6 Dodging
 + Level 5.1 Stealth
 + Level 10.0 Unarmed Combat
 + Level 0.2 Conjurations
 + Level 0.4 Invocations


You had 8 spell levels left.
You knew the following spells:

 Your Spells              Type           Power        Failure   Level  Hunger
a - Shock                 Conj/Air       #...         61%         1    ##.....


Dungeon Overview and Level Annotations

Branches:
Dungeon (11/15)            Temple (1/1) D:5            Lair (0/8) D:11
    Orc: D:9-12

Altars:
Ashenzari
Cheibriados
Dithmenos
Elyvilon
Fedhas
Gozag
Kikubaaqudgha
Makhleb
Nemelex Xobeh
Okawaru
Qazlal
Ru
Sif Muna
Trog
Vehumet
Xom
Yredelemnul
Zin
The Shining One

Shops:
D:9 :


Innate Abilities, Weirdness & Mutations

You reflexively headbutt those who attack you in melee.
You have a pair of horns on your head.


Message History

Okay, then.
Something hits you! Something hits you. Something hits you!
Something barely misses you.
Found 26 gold pieces.
Something barely misses you. Something barely misses you. Something hits you!
You see here a water moccasin corpse.
Something hits you. Something closely misses you. Something hits you.
Something hits you!
* * * LOW HITPOINT WARNING * * *
Something hits you!
* * * LOW HITPOINT WARNING * * *
Something hits you!
* * * LOW HITPOINT WARNING * * *
Something hits you!
You die...

#.# # #.# #
#.### # #...#
# #...# #
####...#### #
#.........###
#
#.....†.....#
#
#..@......#.#
#
####...####<#
######
.........$.#
#.# #.....
..#####...#
#.###.####
.....#
#.........
#.##..#
#####.#### #.
#... #.# #
..... #.#
..$.. #.#


There were no monsters in sight!

Vanquished Creatures
  2 hungry ghosts
  A wyvern (D:9)
  4 orc warriors
  4 water moccasins
  2 sky beasts
  2 ice beasts
  3 centaurs
  An ogre (D:8)
  A crocodile (D:6)
  Duvessa (D:4)
  6 giant frogs
  Blork the orc (D:4)
  3 scorpions
  Dowan (D:4)
  2 crimson imps (D:6)
  A giant frog skeleton (D:3)
  An iron imp (D:5)
  2 centaur skeletons
  3 hounds
  4 orc priests
  3 iguanas
  A jelly (D:6)
  3 worker ants
  8 orc wizards
  A killer bee zombie (D:9)
  2 hound skeletons
  A worker ant zombie (D:7)
  8 gnolls
  6 adders
  A shadow imp (D:11)
  2 giant mites
  6 worms
  An adder zombie (D:7)
  6 giant geckos
  22 orcs
  A ball python (D:3)
  22 bats
  A giant cockroach (D:3)
  13 goblins
  18 hobgoblins
  9 jackals
  5 kobolds
  2 giant gecko skeletons
  5 giant newts
  A giant spore (D:4)
  A jackal skeleton (D:3)
  4 quokkas
  14 rats
  2 ballistomycetes (D:4)
214 creatures vanquished.

Notes
Turn   | Place    | Note
--------------------------------------------------------------
     0 | D:1      | Gronka, the Minotaur Monk, began the quest for the Orb.
     0 | D:1      | Reached XP level 1. HP: 19/19 MP: 1/1
   179 | D:1      | Reached XP level 2. HP: 17/27 MP: 1/1
   648 | D:2      | Reached skill level 5 in Unarmed Combat
   648 | D:2      | Reached XP level 3. HP: 31/33 MP: 2/2
   676 | D:2      | Found a sacrificial altar of Ru.
   925 | D:2      | Reached XP level 4. HP: 40/40 MP: 2/2
  1427 | D:3      | Reached XP level 5. HP: 19/47 MP: 2/2
  1822 | D:3      | Reached skill level 5 in Dodging
  1896 | D:3      | Found a glowing golden altar of the Shining One.
  2034 | D:4      | Reached XP level 6. HP: 28/55 MP: 3/3
  2066 | D:4      | Reached skill level 6 in Unarmed Combat
  2275 | D:4      | Noticed Blork the orc
  2286 | D:4      | Reached skill level 5 in Fighting
  2288 | D:4      | Killed Blork the orc
  2575 | D:4      | HP: 2/84 [orc priest/nerve-wracking pain (3)]
  2910 | D:4      | Reached XP level 7. HP: 57/61 MP: 3/3
  3145 | D:4      | Noticed Dowan
  3146 | D:4      | Noticed Duvessa
  3162 | D:4      | Killed Duvessa
  3167 | D:4      | Killed Dowan
  3839 | D:5      | Entered Level 5 of the Dungeon
  3882 | D:5      | Noticed Grinder
  3901 | D:5      | Noticed Grinder
  3901 | D:5      | Grinder changed into Grinder the iron imp
  4206 | D:5      | Killed Grinder the iron imp
  4574 | D:5      | Reached skill level 7 in Unarmed Combat
  4665 | D:5      | Found a staircase to the Ecumenical Temple.
  4678 | Temple   | Entered the Ecumenical Temple
  4819 | Temple   | Became a worshipper of Warmaster Okawaru
  4819 | Temple   | Acquired Okawaru's first power
  4893 | D:5      | Reached XP level 8. HP: 31/70 MP: 3/3
  5615 | D:6      | Reached skill level 8 in Dodging
  5683 | D:6      | Learned a level 1 spell: Shock
  6651 | D:7      | Reached XP level 9. HP: 77/79 MP: 4/4
  6734 | D:7      | Got a ripped robe
  6750 | D:7      | Got a crude robe
  6762 | D:7      | Identified the +2 robe of the Louse {rElec rPois- MP+9 Str+6} (You found it on level 7 of the Dungeon)
  6763 | D:7      | Identified the +1 robe "Skiof" {rC+ rN+ MP+9 Str+6 Int-3} (You found it on level 7 of the Dungeon)
  6832 | D:7      | Found a blossoming altar of Fedhas.
  6904 | D:7      | Reached skill level 9 in Unarmed Combat
  7478 | D:8      | Found a snail-covered altar of Cheibriados.
  7822 | D:8      | Found a sparkling altar of Nemelex Xobeh.
  7823 | D:8      | Found an opulent altar of Gozag.
  7897 | D:9      | Found Waacs' Book Boutique.
  8051 | D:9      | Found a basalt altar of Yredelemnul.
  8114 | D:9      | Found a blossoming altar of Fedhas.
  8155 | D:9      | You fall through a shaft for 2 floors!
  8192 | D:11     | Reached skill level 5 in Stealth
  8245 | D:11     | Found a staircase to the Lair.
  8327 | D:11     | Reached skill level 10 in Unarmed Combat
  8327 | D:11     | Reached XP level 10. HP: 54/90 MP: 4/4
  8341 | D:11     | Slain by an unseen horror

Action                   |  1- 3 |  4- 6 |  7- 9 | 10-12 || total
-------------------------+-------+-------+-------+-------++-------
Melee: Unarmed           |    76 |   154 |   405 |       ||   635
Invok: Heroism           |       |       |     1 |       ||     1
Evoke: Wand              |       |       |     1 |       ||     1
  Use: Scroll            |       |     4 |     5 |       ||     9
       Potion            |       |     2 |       |       ||     2
 Stab: Sleeping          |     2 |     3 |    17 |       ||    22
  Eat: Meat ration       |       |     1 |       |       ||     1
       Bread ration      |       |     2 |     3 |       ||     5
